 Dungeon Crawl Stone Soup version 0.26.0-8-g74fc34ddfb (webtiles) character file.

Game seed: 4898135128044273177

44 hatsuma the Chopper (level 3, 0/31 HPs)
             Began as a Hill Orc Fighter on Jan 12, 2021.
             Succumbed to Robin's poison
             ... on level 2 of the Dungeon.
             The game lasted 00:05:53 (979 turns).

hatsuma the Chopper (Hill Orc Fighter)               Turns: 979, Time: 00:05:53

Health: 0/31       AC: 10    Str: 19    XL:     3   Next: 62%
Magic:  3/3        EV:  7    Int:  8    God:
Gold:   27         SH:  9    Dex: 10    Spells: 2/2 levels left

rFire    . . .     SeeInvis .   a - +0 war axe
rCold    . . .     Faith    .   c - +0 kite shield
rNeg     . . .     Spirit   .   b - +0 scale mail
rPois    .         Reflect  .   (no helmet)
rElec    .         Harm     .   (no cloak)
rCorr    .         Rampage  .   (no gloves)
Will     .....                  i - +0 pair of boots
Stlth    ..........             (no amulet)
HPRegen  0.00/turn              (no ring)
MPRegen  0.08/turn              (no ring)

@: lethally poisoned (0 -> -25)
A: molten scales 1, inhibited regeneration
a: no special abilities


You were on level 2 of the Dungeon.
You visited 1 branch of the dungeon, and saw 2 of its levels.

You collected 27 gold pieces.

Inventory:

Hand Weapons
 a - a +0 war axe (weapon)
Armour
 b - a +0 scale mail (worn)
 c - a +0 kite shield (worn)
 i - a +0 pair of boots (worn)
Jewellery
 m - an uncursed ring of positive energy {unknown}
 n - an uncursed ring of willpower {unknown}
Scrolls
 e - a scroll of remove curse {unknown}
 f - a scroll of fog
 g - a scroll of blinking {unknown}
 h - a scroll of enchant weapon {unknown}
 l - a scroll of identify
Potions
 d - a potion of might
 k - 3 potions of attraction


   Skills:
 - Level 3.6 Fighting
 + Level 5.2 Axes
 - Level 3.2 Armour
 - Level 3.2 Shields


You had 2 spell levels left.
You didn't know any spells.
Your spell library was empty.

Dungeon Overview and Level Annotations

Branches:
Dungeon (2/15)

Altars:

Annotations:
D:2 Robin


Innate Abilities, Weirdness & Mutations

You are partially covered in molten scales. (AC +2)
You do not regenerate when monsters are visible.


Message History

You kill the goblin!
You hit the orc.
You kill the orc!
You feel sick. Robin hits you but does no damage.
You are more poisoned.
* * * LOW HITPOINT WARNING * * *
You feel very sick.
Robin roars a battlecry!
You hear a shout!
You see here a cursed -3 club.
* * * LOW HITPOINT WARNING * * *
You feel sick.
* * * LOW HITPOINT WARNING * * *
You feel sick.
It was a potion of mutation.
You feel extremely strange.
Your regeneration stops near monsters.
Molten scales grow over part of your body.
* * * LOW HITPOINT WARNING * * *
You feel sick.
You die...

+...§.§§§§# #.#
####.§§####
##.#.# ##.##
##.#..# #.#
##.#...# #.#
##.#....# #.#
#.#.....# #.#
.#......######.#
#.......).g@...#
........########
........#
...8....#
#8..[8gg#
.!......#
.......g#
#..g..g.#
.........


You could see Robin.

Vanquished Creatures
  A dart slug (D:1)
  An orc (D:2)
  15 goblins
  5 hobgoblins
  2 jackals (D:1)
  3 kobolds (D:1)
  3 bats (D:1)
  A frilled lizard (D:1)
  6 rats
37 creatures vanquished.

Notes
Turn   | Place    | Note
-------+----------+-------------------------------------------
     0 | D:1      | hatsuma the Hill Orc Fighter began the quest for the Orb.
     0 | D:1      | Reached XP level 1. HP: 19/19 MP: 1/1
   171 | D:1      | Reached skill level 3 in Axes
   193 | D:1      | Reached XP level 2. HP: 26/26 MP: 2/2
   345 | D:1      | Reached skill level 4 in Axes
   549 | D:1      | Reached XP level 3. HP: 31/31 MP: 3/3
   947 | D:2      | Noticed Robin
   965 | D:2      | Reached skill level 5 in Axes
   978 | D:2      | Gained mutation: You do not regenerate when monsters are
                  | visible. [potion of mutation]
   978 | D:2      | Gained mutation: You are partially covered in molten
                  | scales. (AC +2) [potion of mutation]
   978 | D:2      | HP: 1/31 [poisoned by Robin]
   979 | D:2      | Succumbed to Robin's poison

Illustrated notes

Levels and vault maps discovered:
D:1:      heliophobic_arrival_dark_side_of_the_moon, layout_basic, minmay_vboxes
D:2:      wad_pebble_path, layout_loops_corners, nicolae_overflow_crystal_walls,
          uniq_robin

Skill      XL: |  1  2  3 |
---------------+----------+-----
Axes           | 3 4 5 |  5.2
Fighting       | |  3.6
Armour         | |  3.2
Shields        | |  3.2

Action                   || total
-------------------------++-------
Melee: War axe           ||    74
  Use: Scroll            ||     2
       Potion            ||     1
Armor: Scale mail        ||    33
Dodge: Dodged            ||    16
Block: Kite shield       ||    26
